 Dungeon Crawl Stone Soup version 0.23.2-40-g277498a (webtiles) character file.

Game seed: 12487209473450144713

413 Fang the Skirmisher (level 6, -8/60 HPs)
             Began as a Gargoyle Berserker on Oct 14, 2019.
             Was a Believer of Trog.
             Splashed by a brown ugly thing's acid (9 damage)
             ... on level 4 of the Dungeon.
             The game lasted 00:01:54 (2328 turns).

Fang the Skirmisher (Gargoyle Berserker)            Turns: 2328, Time: 00:01:55

Health: -8/60      AC:  5    Str: 28    XL:     6   Next: 90%
Magic:  6/6        EV: 10    Int:  7    God:    Trog [**....]
Gold:   98         SH:  0    Dex:  9    Spells: 5/5 levels left

rFire    . . .     SeeInvis .   a - +0 hand axe
rCold    . . .     Gourm    .   (no shield)
rNeg     + . .     Faith    .   b - +0 chain mail
rPois    ∞         Spirit   .   (no helmet)
rElec    +         Reflect  .   (no cloak)
rCorr    .         Harm     .   (no gloves)
MR       .....                  (no boots)
Stlth    ..........             (no amulet)
HPRegen  0.20/turn              (no ring)
MPRegen  0.10/turn              (no ring)

@: berserking, corroded, studying Long Blades, very quick
A: negative energy resistance 1, electricity resistance, unbreathing,
petrification resistance, rot immunity, AC +4
a: Berserk, Trog's Hand, Renounce Religion


You were on level 4 of the Dungeon.
You worshipped Trog.
Trog was pleased with you.
You were very hungry.

You visited 1 branch of the dungeon, and saw 3 of its levels.

You collected 98 gold pieces.

Inventory:

Hand Weapons
 a - a +0 hand axe (weapon)
Armour
 b - a +0 chain mail (worn)
Scrolls
 d - a scroll of immolation {unknown}
 f - a scroll of teleportation {unknown}
 i - 2 scrolls of identify {unknown}
Potions
 e - 2 potions of lignification {unknown}
 g - 2 potions of degeneration {unknown}
 h - a potion of might {unknown}
 j - a potion of ambrosia {unknown}
 k - a potion of flight {unknown}
Books
 l - a manual of Long Blades
Comestibles
 c - 9 rations


   Skills:
 + Level 4.9 Fighting
 + Level 4.1 Axes
 + Level 4.3 Armour
 + Level 3.2 Dodging


You had 5 spell levels left.
You didn't know any spells.
Your spell library was empty.

Dungeon Overview and Level Annotations

Branches:
Dungeon (2/15)

Altars:


Innate Abilities, Weirdness & Mutations

You are resistant to torment.
Your stone body is resilient. (AC +4)
You are immune to poison.
You resist negative energy. (rN+)
You are resistant to electric shocks. (rElec)
You can survive without breathing.
You are immune to petrification.
You are immune to rotting.


Message History

A red film seems to cover your vision as you go berserk!
You feel yourself moving faster!
You feel mighty!
You are feeling very hungry.
The brown ugly thing tail-slaps you.
You are splashed with acid!
* * * LOW HITPOINT WARNING * * *
Your chain mail prevents you from hitting the brown ugly thing.
The brown ugly thing tail-slaps you but does no damage.
You closely miss the brown ugly thing. You slash the brown ugly thing!
The brown ugly thing is moderately wounded.
The brown ugly thing tail-slaps you.
* * * LOW HITPOINT WARNING * * *
You are splashed with acid!
* * * LOW HITPOINT WARNING * * *
You barely miss the brown ugly thing.
The brown ugly thing is lightly wounded.
The brown ugly thing tail-slaps you.
* * * LOW HITPOINT WARNING * * *
The acid corrodes you!
You are splashed with acid!
You die...

#.# #.# #. #.# #.#
#.. #.# #.# ###
..# #.##.#...# #.#
#u##.#.#.# #.#
#@##.#.#.# ###.#
#.##...#.#####....
#.##...........#.#
#..#...#.######...
#.##...#.# #....
#.##.#...## ##...
#.##......# ##.#
#.##...##.# #.#
#.##...##.# #.#


You could see a brown ugly thing.

Vanquished Creatures
  An ice beast (D:4)
  An ogre (D:4)
  Blork the orc (D:4)
  A hound (D:4)
  A worker ant (D:4)
  8 adders
  An ooze (D:2)
  An adder skeleton (D:4)
  A worm (D:4)
  A dart slug (D:2)
  A leopard gecko (D:1)
  An orc (D:4)
  5 bats (D:1)
  2 giant cockroaches
  6 goblins (D:1)
  A hobgoblin (D:1)
  2 quokkas (D:2)
  A ball python (D:4)
  2 frilled lizards (D:1)
  A kobold (D:1)
  4 rats
43 creatures vanquished.

Notes
Turn   | Place    | Note
-------+----------+-------------------------------------------
     0 | D:1      | Fang the Gargoyle Berserker began the quest for the Orb.
     0 | D:1      | Reached XP level 1. HP: 14/14 MP: 1/1
   167 | D:1      | Reached XP level 2. HP: 19/19 MP: 2/2
   707 | D:2      | Reached ** piety under Trog
   707 | D:2      | Reached XP level 3. HP: 23/24 MP: 3/3
   857 | D:2      | You fall through a shaft for 2 floors!
   857 | D:4      | Noticed an ogre
   866 | D:4      | Killed an ogre
   866 | D:4      | Reached XP level 4. HP: 17/29 MP: 4/4
   866 | D:4      | Reached XP level 5. HP: 19/33 MP: 5/5
  1269 | D:4      | Noticed Blork the orc
  1286 | D:4      | Killed Blork the orc
  1286 | D:4      | Reached XP level 6. HP: 27/39 MP: 6/6
  1849 | D:4      | Noticed an ice beast
  1863 | D:4      | Killed an ice beast
  2318 | D:4      | Noticed a brown ugly thing
  2328 | D:4      | HP: 1/60 [brown ugly thing (3)]
  2328 | D:4      | Splashed by a brown ugly thing's acid

Skill      XL: |  1  2  3  4  5  6 |
---------------+-------------------+-----
Axes           | 3 4 |  4.1
Dodging        | 2 3 |  3.2
Fighting       | 4 |  4.9
Armour         | 3 4 |  4.3

Action                   |  1- 3 |  4- 6 || total
-------------------------+-------+-------++-------
Melee: Hand axe          |   111 |   144 ||   255
Invok: Berserk           |     1 |     3 ||     4
  Eat: Chunk             |       |     7 ||     7
Armor: Chain mail        |    78 |    81 ||   159
Dodge: Dodged            |    60 |    72 ||   132
